 Dungeon Crawl Stone Soup version 0.19.0-16-g73b5abf (webtiles) character file.

115436 esc the Warrior (level 16, -3/122 HPs)
             Began as a Demonspawn Wanderer on Nov 10, 2016.
             Was the Champion of Hepliaklqana.
             Slain by a naga
             ... wielding a +0 mace
              (13 damage)
             ... on level 2 of the Snake Pit.
             The game lasted 01:53:13 (40132 turns).

esc the Warrior (Demonspawn Wanderer)              Turns: 40132, Time: 01:53:13

Health: -3/122     AC:  8    Str: 19    XL:     16   Next: 18%
Magic:  0/21       EV: 22    Int: 14    God:    Hepliaklqana [******]
Gold:   1539       SH:  0    Dex: 17    Spells: 7 memorised, 4 levels left

rFire  + . .     SeeInvis .     J - +6 lajatang (venom)
rCold  . . .     Gourm    +     Y - +2 robe of the King of the Hill {rElec Str+4}
rNeg   . . .     Faith    .     (shield currently unavailable)
rPois  +         Spirit   +     (helmet restricted)
rElec  +         Reflect  .     F - +2 cloak
rCorr  .         Harm     .     G - +0 pair of gloves of Beirgh {rF+}
MR     ++...                    (boots unavailable)
Stlth  ++........               Z - amulet of the gourmand {Gourm, !d}
                                i - ring of protection from magic {MR+, !d}
                                u - ring of poison resistance {rPois, !d}

@: lethally poisoned (-3 -> -3), about to teleport, very slightly contaminated
A: reduced essence, antennae 1, claws 2, talons 3, foul stench 2, magic shield,
magic regeneration, rot immunity
a: Recall Ancestor, Ancestor Identity, Transference, Idealise, Renounce Religion


You were on level 2 of the Snake Pit.
You worshipped Hepliaklqana.
Hepliaklqana was exalted by your worship.
You were very full.

You visited 7 branches of the dungeon, and saw 28 of its levels.
You also visited: Ossuary.

You collected 2464 gold pieces.
You spent 925 gold pieces at shops.

Inventory:

Hand Weapons
 a - a +3 quarterstaff of flaming
 J - a +6 lajatang of venom (weapon)
   (You acquired it on level 2 of the Lair of Beasts)
Missiles
 B - 40 tomahawks (quivered)
 D - 5 throwing nets {=f, !d}
Armour
 F - a +2 cloak (worn)
   (You found it on level 14 of the Dungeon)
 G - the +0 pair of gloves of Beirgh (worn) {rF+}
   (You found it on level 1 of the Lair of Beasts)

   It protects you from fire.
 Y - the +2 robe of the King of the Hill (worn) {rElec Str+4}
   (You bought it in a shop on level 12 of the Dungeon)

   It affects your strength (+4).
   It insulates you from electricity.
Jewellery
 i - a ring of protection from magic (right hand) {MR+, !d}
   (You took it off a centaur on level 7 of the Dungeon)
 u - a ring of poison resistance (left hand) {rPois, !d}
   (You found it on level 14 of the Dungeon)
 v - an uncursed ring of flight {+Fly, !d}
   (You found it on level 3 of the Dungeon)
 N - an uncursed ring of protection from cold {rC+, !d}
   (You found it on level 8 of the Dungeon)
 Z - an amulet of the gourmand (around neck) {Gourm, !d}
   (You found it on level 3 of the Lair of Beasts)
Wands
 e - a wand of flame (30/48)
   (You found it on level 11 of the Dungeon)
 q - a wand of acid (0/15)
   (You took it off a centaur on level 9 of the Dungeon)
 y - a wand of iceblast (0/15)
   (You found it on level 5 of the Lair of Beasts)
 C - a wand of flame (24/48)
   (You found it on level 15 of the Dungeon)
 W - a wand of iceblast (5/15)
   (You found it on level 15 of the Dungeon)
Scrolls
 c - 3 scrolls of fear
 j - 6 scrolls of magic mapping {!r}
 m - 6 scrolls of identify
 n - 8 scrolls of remove curse
 p - 3 scrolls of immolation {!r}
 w - 7 scrolls of amnesia
 x - 4 scrolls of enchant armour
 A - 2 scrolls of teleportation
 Q - 3 scrolls of recharging
 T - 2 scrolls of holy word {!r!r}
Potions
 b - 3 potions of berserk rage {!q}
 h - 3 potions of flight
 k - 3 potions of lignification {!q}
 l - 4 potions of ambrosia
 o - 3 potions of magic
 r - 2 potions of curing
 s - 3 potions of haste
 t - 2 potions of beneficial mutation
 E - 3 potions of cancellation
 L - 2 potions of resistance
 R - a potion of agility
 U - a potion of invisibility
Books
 K - a Young Poisoner's Handbook
   (You found it on level 15 of the Dungeon)
 P - a book of Battle
   (You found it on level 1 of the Swamp)
 S - a book of Power
   (You found it on level 9 of the Dungeon)
 V - a book of Maledictions
   (You found it on level 1 of the Snake Pit)
Miscellaneous
 d - a fan of gales
   (You found it on level 4 of the Lair of Beasts)
 z - a phantom mirror
 H - a lamp of fire
   (You found it on level 6 of the Lair of Beasts)
Comestibles
 f - 14 bread rations {@e1}
 O - 4 meat rations {@e2}


   Skills:
 + Level 15.0 Fighting
 - Level 14.3 Staves
   Level 1.0 Bows
 - Level 1.0 Throwing
 + Level 13.4 Dodging
 - Level 1.7 Stealth
 + Level 3.8 Spellcasting
 - Level 4.0 Conjurations
 + Level 6.5 Hexes
 + Level 5.0 Charms
 + Level 4.3 Necromancy
 - Level 3.4 Ice Magic
 - Level 6.2 Invocations
 - Level 4.9 Evocations


You had 4 spell levels left.
You knew the following spells:

 Your Spells              Type           Power        Failure   Level  Hunger
a - Ensorcelled Hibernat  Hex/Ice        ###...       4%          2    ##.....
b - Tukima's Dance        Hex            ###.....     4%          3    ###....
c - Dazzling Spray        Conj/Hex       ###...       10%         3    ###....
d - Repel Missiles        Chrm/Air       #.....       12%         2    ##.....
r - Regeneration          Chrm/Necr      ###.......   10%         3    ###....
x - Throw Frost           Conj/Ice       ##....       10%         2    ##.....
z - Spectral Weapon       Hex/Chrm       ###.....     8%          3    ###....


Dungeon Overview and Level Annotations

Branches:
Dungeon (15/15)            Temple (1/1) D:7            Lair (6/6) D:10
  Swamp (1/4) Lair:2        Snake (2/4) Lair:4        Slime (0/5) Lair:5
    Orc (2/2) D:11            Elf (0/3) Orc:2        Vaults (0/5) D:13
 Depths (1/5) D:15

Altars:
Ashenzari
Cheibriados
Dithmenos
Elyvilon
Fedhas
Gozag
Hepliaklqana
Kikubaaqudgha
Makhleb
Nemelex Xobeh
Okawaru
Qazlal
Ru
Sif Muna
Trog
Vehumet
Xom
Yredelemnul
Zin
The Shining One
Beogh
Jiyva

Shops:
D:12 *   D:15 =*[   Orc:2 (*?(

Portals:
Trove: D:15 (give 16 scrolls of teleportation)

Annotations:
D:5 Pikel
Lair:1 exclusion: Sonja, Sonja
Lair:5 1 runed door


Innate Abilities, Weirdness & Mutations

You have a pair of small antennae on your head.
You have very sharp fingernails.
You have claws for feet.
You frequently emit foul miasma when damaged in melee.
When hurt, damage is shared between your health and your magic reserves.
You regenerate magic rapidly.
You are immune to rotting.
Your life essence is reduced. (-10% HP)


Message History

Your Charms skill increases to level 5!
Edmée hits the salamander mystic but does no damage.
The salamander hits you but does no damage.
The naga mage casts a spell at you.
The poison arrow hits Edmée.
Edmée partially resists.
The salamander mystic closely misses Edmée.
Edmée hits the naga mage but does no damage.
Edmée drains the naga mage!
The naga mage hits Edmée with a spear.
Things that are here:
a war axe; a robe
Aim: a salamander, wielding a spear The mass of ice explodes!
The iceblast engulfs the salamander.
The salamander is frozen!
The iceblast engulfs the salamander.
The salamander is frozen!
The iceblast engulfs the salamander mystic.
The salamander mystic is frozen!
Evoking this partially-identified wand wasted a few charges.
Your skill with magical items lets you calculate the power of this device...
This wand has 6 charges left.
You feel sick.
You hear a shout!
The salamander mystic hits Edmée but does no damage.
Edmée hits the naga mage with a dagger of draining.
The naga mage casts a spell at you.
The bolt of poison hits Edmée.
Edmée completely resists.
The bolt of poison hits your spectral weapon.
Your spectral weapon completely resists.
The bolt of poison hits you! You resist.
You take 4 damage, and have 40/122 hp.
Aim: a salamander, wielding a spear (moderately wounded)
The mass of ice explodes!
The iceblast engulfs the salamander.
The salamander is frozen!
The iceblast engulfs the salamander.
The salamander is frozen!
The iceblast engulfs the salamander mystic.
The salamander mystic is frozen!
This wand has 5 charges left.
Edmée hits the naga mage with a dagger of draining.
Edmée drains the naga mage!
The salamander mystic hits Edmée but does no damage.
The naga mage hits Edmée with a spear.
Aim: a salamander, wielding a spear (heavily wounded)
Okay, then.
You feel sick.
Edmée hits the naga mage with a dagger of draining.
The salamander mystic hits Edmée with a quarterstaff!
Edmée is engulfed in flames.
Edmée resists.
The naga mage points at you and mumbles some strange words.
Edmée looks slightly unstable.
Aim: a salamander mystic, wielding a quarterstaff and wearing a robe (moderately wounded)
The bolt of acid hits the salamander.
The salamander is splashed with acid.
The acid corrodes the salamander!
The bolt of acid hits the salamander.
The salamander is splashed with acid.
The acid corrodes the salamander!
The bolt of acid hits the salamander mystic.
The salamander mystic is splashed with acid.
Evoking this partially-identified wand wasted a few charges.
Your skill with magical items lets you calculate the power of this device...
This wand has 0 charges left.
The salamander misses you.
Edmée hits the naga mage but does no damage.
Edmée drains the naga mage!
The salamander mystic gestures at the naga while chanting.
The naga seems to speed up.
The naga mage misses Edmée.
You feel sick. The salamander misses you. The salamander hits you with a spear!
* * * LOW HITPOINT WARNING * * *
You are engulfed in flames.
You resist.
* * * LOW HITPOINT WARNING * * *
Edmée hits the naga mage with a dagger of draining!
Edmée drains the naga mage!
The salamander mystic hits Edmée with a quarterstaff.
Edmée is engulfed in flames!
Edmée resists.
The naga mage mumbles some strange words.
The naga mage seems to speed up.
The salamander completely misses you.
Things that are here:
a war axe; a robe You take 12 damage, and have 28/122 hp.
You now have 4/21 mp.
You slash the salamander!
The salamander looks as sick as possible!
You claw the salamander, but do no damage.
Edmée disappears!
Your spectral weapon hits the salamander!!
You kill the salamander!
The naga spits poison at you. The splash of poison misses you.
The salamander barely misses you.
A salamander comes into view. It is wielding an enchanted trident.
You slice the salamander like a ripe choko!!!
You kill the salamander!
The salamander mystic gestures at the salamander while chanting.
The salamander seems to speed up.
As you read the scroll of teleportation, it crumbles to dust.
You feel strangely unstable.
You feel sick.
The salamander hits you from afar with a glaive!
* * * LOW HITPOINT WARNING * * *
You are engulfed in flames!
You resist.
* * * LOW HITPOINT WARNING * * *
The naga hits you with a mace!
You die...

#................ .#
#................
..##
#..####..........
#.... . ##.#.......
....
#######....#....
...##..........#....
#.#.!.............
#.§N(.............
#NNN@...##########
.....N####### ..#..
#. #


You could see a salamander mystic, 2 salamanders, a naga mage (wandering), a
naga and a friendly spectral lajatang of venom.

Vanquished Creatures
  Kirke (Snake:1)
  Donald (Snake:1)
  Louise (D:15)
  5 dire elephants (Lair:6)
  Azrael (D:15)
  A great orb of eyes (D:15)
  Josephine (D:10)
  4 naga warriors
  3 ice dragons (Lair:5)
  4 hydras
  3 anacondas
  An alligator (Swamp:1)
  3 tengu warriors (D:15)
  A naga sharpshooter (Snake:1)
  3 orc high priests (Orc:2)
  A shock serpent (Snake:1)
  Urug (D:13)
  A deep troll (Depths:1)
  2 unseen horrors
  3 naga ritualists
  A shambling mangrove (Swamp:1)
  3 swamp dragons
  7 hill giants
  A necromancer (D:13)
  6 mana vipers
  A deep elf mage (D:13)
  6 orc knights
  6 ugly things
  4 salamanders
  7 cyclopes
  A wolf spider (D:15)
  4 orc sorcerers
  2 manticores
  11 elephants
  Maurice (Orc:1)
  A guardian serpent (Snake:2)
  3 naga magi
  A centaur zombie (D:13)
  14 black mambas
  3 centaur skeletons
  2 gargoyles (D:14)
  6 spiny frogs
  3 rime drakes (Lair:5)
  7 komodo dragons
  A yaktaur (D:15)
  A kobold demonologist (D:15)
  A tengu conjurer (D:15)
  6 trolls
  A merfolk (D:15)
  3 slime creatures
  2 polar bears
  2 hornets
  2 two-headed ogres (Orc:2)
  3 blink frogs (Lair:5)
  14 hippogriffs
  7 dream sheep
  3 shadows
  7 wyverns
  3 wraiths (D:10)
  56 yaks
  A spriggan (Swamp:1)
  A tarantella (shapeshifter) (D:15)
  4 basilisks
  3 fire elementals (D:15)
  7 hogs (Snake:1)
  5 wargs
  Menkaure (D:7)
  3 vampire mosquitoes (D:13)
  9 nagas
  2 mottled dragons
  A soldier ant (D:14)
  5 hell hounds (D:15)
  7 water moccasins
  2 swamp drakes (Swamp:1)
  7 porcupines
  19 orc warriors
  A black bear (shapeshifter) (D:14)
  5 sky beasts
  19 ice beasts
  3 phantoms
  2 slaves (D:5)
  2 black bears
  A necrophage (D:10)
  11 centaurs
  13 ogres
  12 crocodiles
  5 big kobolds
  15 bullfrogs
  A wyvern zombie (D:14)
  3 water moccasin zombies (Ossuary)
  3 wyvern skeletons
  6 scorpions
  3 killer bees
  12 wights
  2 howler monkeys
  2 hexers
  2 bullfrog zombies
  7 crimson imps
  A quasit (D:11)
  14 orc priests
  9 jellies
  4 bullfrog skeletons
  7 hounds
  9 orc wizards
  2 iguanas
  9 worker ants
  5 big kobold zombies (Ossuary)
  A hound zombie (D:11)
  2 mummies (Ossuary)
  4 gnolls (D:11)
  13 adders
  3 shadow imps
  An ooze (D:4)
  3 adder zombies (Ossuary)
  4 worms
  3 dart slugs
  5 leopard geckos
  58 orcs
  A ball python (D:2)
  7 bats
  3 giant cockroaches
  6 goblins
  7 hobgoblins
  13 jackals
  5 quokkas
  6 frilled lizards
  6 hobgoblin zombies (Ossuary)
  2 jackal skeletons (D:4)
  24 kobolds
  A kobold zombie (Ossuary)
  A leopard gecko skeleton (D:8)
  7 orc zombies (Ossuary)
  A quokka skeleton (D:7)
  A quokka zombie (D:8)
  11 rats
  2 plants (Lair:6)
722 creatures vanquished.

Vanquished Creatures (collateral kills)
  A dire elephant (D:15)
  2 centaur warriors
  A wizard (D:13)
  An orc sorcerer (Orc:2)
  An ugly thing (D:14)
  2 orc knights
  A mana viper (Snake:1)
  A cyclops (Orc:1)
  An elephant (Lair:6)
  2 black mambas
  A molten gargoyle (Orc:1)
  A torpor snail (Lair:2)
  A rime drake (Lair:5)
  3 komodo dragons
  A troll (D:11)
  A blink frog (Lair:5)
  2 dream sheep
  4 slime creatures
  2 hippogriffs
  8 yaks
  A fire elemental (Orc:1)
  A basilisk (Lair:2)
  A vampire mosquito (D:13)
  A soldier ant (D:11)
  A warg (Orc:2)
  A naga (Snake:2)
  A porcupine (Lair:1)
  4 water moccasins
  3 orc warriors (Orc:2)
  A swamp drake (Swamp:1)
  3 ice beasts (Lair:5)
  A black bear (D:13)
  4 centaurs
  A crocodile (D:10)
  A big kobold (D:8)
  2 bullfrogs
  A wight (D:10)
  A killer bee (D:7)
  A crimson imp (D:10)
  A quasit (D:10)
  2 orc wizards (Orc:2)
  2 iguanas
  A worker ant (D:13)
  A worker ant zombie (D:10)
  2 adders (D:9)
  A shadow imp (D:9)
  9 orcs
  5 kobolds
  A fungus (Lair:1)
92 creatures vanquished.

Vanquished Creatures (others)
  A hornet (Swamp:1)
  An orc priest (Orc:2)
  An orc wizard (Orc:2)
  2 ancestors (D:9)
  19 hexers
  2 bushes
  5 fungi
  9 plants
  7 spectral weapons
47 creatures vanquished.

Grand Total: 861 creatures vanquished

Notes
Turn   | Place    | Note
-------+----------+-------------------------------------------
     0 | D:1      | esc the Demonspawn Wanderer began the quest for the Orb.
     0 | D:1      | esc set off with: a +2 quarterstaff, a +0 ring mail, 9 poisoned needles, a +0 blowgun, a +0 dagger, a bread ration {@e1}
     0 | D:1      | Reached XP level 1. HP: 21/21 MP: 1/1
    94 | D:1      | Gained mutation: You are immune to rotting. [demonic ancestry]
    94 | D:1      | Reached XP level 2. HP: 12/27 MP: 2/2
   283 | D:1      | Reached skill level 2 in Staves
   981 | D:2      | Gained mutation: You have a pair of small antennae on your head. [demonic ancestry]
   981 | D:2      | Reached XP level 3. HP: 29/33 MP: 3/3
  1203 | D:2      | Reached skill level 3 in Staves
  1222 | D:2      | Found a sparkling altar of Nemelex Xobeh.
  1485 | D:2      | Gained mutation: You have sharp toenails. [demonic ancestry]
  1485 | D:2      | Reached XP level 4. HP: 39/39 MP: 4/4
  1866 | D:3      | Reached skill level 4 in Staves
  2631 | D:3      | Reached XP level 5. HP: 34/44 MP: 5/5
  2878 | D:4      | Noticed an ogre
  2903 | D:4      | Reached skill level 5 in Staves
  2954 | D:5      | Entered Level 5 of the Dungeon
  3129 | D:5      | Noticed a slave
  3147 | D:5      | Noticed a centaur
  3158 | D:5      | Killed a centaur
  3158 | D:5      | Gained mutation: When hurt, damage is shared between your health and your magic reserves. [demonic ancestry]
  3158 | D:5      | Reached XP level 6. HP: 51/51 MP: 6/6
  3172 | D:5      | Killed a slave
  3227 | D:5      | Reached skill level 6 in Staves
  3272 | D:5      | Noticed a slave
  3272 | D:5      | Noticed a slave
  3308 | D:5      | Killed a slave
  3568 | D:5      | Noticed Pikel
  3683 | D:4      | Found a burning altar of Makhleb.
  3792 | D:4      | Gained mutation: You have sharp fingernails. [demonic ancestry]
  3792 | D:4      | Reached XP level 7. HP: 27/56 MP: 2/7
  4297 | D:4      | Reached skill level 1 in Dodging
  4896 | D:5      | Noticed a hornet
  4932 | D:6      | Reached skill level 7 in Staves
  4932 | D:6      | Reached skill level 2 in Dodging
  4975 | D:6      | Reached skill level 6 in Fighting
  5158 | D:6      | Reached skill level 3 in Dodging
  5158 | D:6      | Gained mutation: You may emit foul miasma when damaged in melee. [demonic ancestry]
  5158 | D:6      | Reached XP level 8. HP: 57/65 MP: 5/8
  5489 | D:6      | Found a sand-covered staircase.
  5500 | D:6      | Reached skill level 4 in Dodging
  5523 | Ossuary  | Entered an ossuary
  5763 | Ossuary  | Reached skill level 8 in Staves
  5772 | Ossuary  | Reached skill level 7 in Fighting
  6293 | D:6      | Gained mutation: You frequently emit foul miasma when damaged in melee. [demonic ancestry]
  6293 | D:6      | Reached XP level 9. HP: 54/72 MP: 6/9
  6467 | D:7      | Noticed Menkaure
  6587 | D:7      | Reached skill level 5 in Dodging
  6904 | D:7      | Killed Menkaure
  7065 | D:7      | Identified the Papyrus of Summoning and the Frostbite
  7067 | D:7      | Found a glowing golden altar of the Shining One.
  7262 | D:7      | Found a staircase to the Ecumenical Temple.
  7271 | Temple   | Entered the Ecumenical Temple
  7369 | Temple   | Became a worshipper of Hepliaklqana the Forgotten
  7500 | D:7      | Reached skill level 8 in Fighting
  7669 | D:8      | Reached skill level 9 in Staves
  7904 | D:8      | Reached skill level 6 in Dodging
  8126 | D:8      | Found a blossoming altar of Fedhas.
  8127 | D:8      | Reached * piety under Hepliaklqana
  8486 | D:8      | Gained mutation: You have very sharp fingernails. [demonic ancestry]
  8486 | D:8      | Reached XP level 10. HP: 68/73 MP: 10/10
  8613 | D:8      | Reached skill level 9 in Fighting
  8686 | D:8      | Noticed a three-headed hydra
  8694 | D:8      | Killed a three-headed hydra
  8694 | D:8      | Reached skill level 10 in Staves
  8694 | D:8      | Reached skill level 7 in Dodging
  9260 | D:10     | Entered Level 10 of the Dungeon
  9642 | D:10     | Noticed Josephine
  9665 | D:10     | Killed Josephine
  9665 | D:10     | Reached skill level 10 in Fighting
  9665 | D:10     | Reached skill level 8 in Dodging
  9675 | D:10     | Gained mutation: You have razor-sharp toenails. [demonic ancestry]
  9675 | D:10     | Reached XP level 11. HP: 35/81 MP: 5/11
  9940 | D:10     | Killed an unseen horror
 10169 | D:10     | Found a staircase to the Lair.
 10196 | D:10     | Reached skill level 11 in Staves
 10951 | D:10     | Reached skill level 9 in Dodging
 11386 | D:9      | Reached ** piety under Hepliaklqana
 11387 | D:9      | Remembered your ancestor Edmée as a hexer
 11396 | D:9      | Reached skill level 11 in Fighting
 12694 | D:11     | Found a staircase to the Orcish Mines.
 13349 | D:11     | Noticed a hill giant
 13356 | D:11     | Killed a hill giant
 13653 | Orc:1    | Entered Level 1 of the Orcish Mines
 13665 | D:11     | Gained mutation: You regenerate magic rapidly. [demonic ancestry]
 13665 | D:11     | Reached XP level 12. HP: 53/90 MP: 12/12
 14080 | Orc:1    | Noticed Maurice
 14091 | Orc:1    | Killed Maurice
 14121 | Orc:1    | Found a radiant altar of Vehumet.
 14125 | Orc:1    | Reached *** piety under Hepliaklqana
 14158 | Orc:1    | Reached skill level 1 in Invocations
 14460 | Orc:1    | Reached skill level 1 in Evocations
 14695 | D:11     | Reached skill level 10 in Dodging
 14695 | D:11     | Reached skill level 2 in Invocations
 15115 | Orc:2    | Entered Level 2 of the Orcish Mines
 15758 | Orc:1    | Reached skill level 2 in Evocations
 15789 | Orc:1    | Reached skill level 3 in Invocations
 15974 | Orc:2    | Found a staircase to the Elven Halls.
 16013 | Orc:2    | Reached skill level 12 in Staves
 16312 | Orc:2    | Reached skill level 12 in Fighting
 16362 | Orc:2    | Reached skill level 3 in Evocations
 16559 | Orc:2    | Reached skill level 4 in Invocations
 16857 | Orc:2    | Found a roughly hewn altar of Beogh.
 17186 | Orc:2    | Noticed an orc high priest
 17194 | Orc:2    | Killed an orc high priest
 17194 | Orc:2    | Reached skill level 5 in Invocations
 17195 | Orc:2    | Noticed an orc high priest
 17201 | Orc:2    | Noticed an orc high priest
 17213 | Orc:2    | Killed an orc high priest
 17216 | Orc:2    | Reached skill level 4 in Evocations
 17883 | Orc:2    | HP: 17/92 [orc knight/great sword (12)]
 18183 | Orc:2    | Reached XP level 13. HP: 61/98 MP: 13/17
 18864 | Orc:1    | Reached skill level 6 in Invocations
 18866 | Orc:1    | HP: 19/98 [orc knight/great sword (18)]
 19216 | Orc:2    | Found Cupoas's Antique Weapon Shoppe.
 19216 | Orc:2    | Found Tixt's General Store.
 19229 | Orc:2    | HP: 17/98 [chaos spawn[an orc sorcerer] (11)]
 19237 | Orc:2    | Found Dumel's Magic Scroll Shoppe.
 19237 | Orc:2    | Found Koeblaol's Weapon Boutique.
 19593 | Orc:2    | Bought a scroll of identify for 22 gold pieces
 19593 | Orc:2    | Bought a scroll of identify for 22 gold pieces
 19767 | D:11     | Learned a level 2 spell: Ensorcelled Hibernation
 19770 | D:11     | Learned a level 2 spell: Throw Frost
 20101 | D:12     | Reached skill level 1 in Conjurations
 20155 | D:12     | Reached skill level 1 in Hexes
 20213 | D:12     | Found Olaurufa's Assorted Antiques.
 20225 | D:12     | Bought a potion of might for 132 gold pieces
 20225 | D:12     | Bought a scroll of identify for 66 gold pieces
 20225 | D:12     | Bought a scroll of enchant armour for 247 gold pieces
 20225 | D:12     | Bought a shadowed robe for 188 gold pieces
 20225 | D:12     | Identified the +2 robe of the King of the Hill {rElec Str+4} (You bought it in a shop on level 12 of the Dungeon)
 20590 | D:13     | Reached **** piety under Hepliaklqana
 20596 | D:12     | HP: 15/98 [white ugly thing (16)]
 20958 | D:12     | Reached skill level 1 in Spellcasting
 20958 | D:12     | Reached skill level 1 in Ice Magic
 21572 | D:13     | Reached skill level 2 in Conjurations
 21572 | D:13     | Reached skill level 2 in Hexes
 21656 | D:13     | Noticed Urug
 22214 | Lair:1   | Entered Level 1 of the Lair of Beasts
 22306 | Lair:1   | Reached skill level 2 in Spellcasting
 22306 | Lair:1   | Reached skill level 2 in Ice Magic
 22461 | Lair:1   | Noticed Sonja
 22871 | Lair:1   | Reached skill level 11 in Dodging
 22906 | Lair:1   | Got a pair of slimy gloves
 22917 | Lair:1   | Identified the +0 pair of gloves of Beirgh {rF+} (You found it on level 1 of the Lair of Beasts)
 23610 | Lair:2   | Reached ***** piety under Hepliaklqana
 23743 | Lair:2   | Reached skill level 3 in Conjurations
 24104 | Lair:2   | Found a staircase to the Swamp.
 24133 | Lair:2   | Reached skill level 3 in Spellcasting
 24365 | Lair:2   | HP: 21/98 [hippogriff (5)]
 24772 | Lair:2   | Identified a scroll of acquirement
 25068 | Lair:3   | Reached skill level 3 in Ice Magic
 25410 | Lair:3   | Reached skill level 13 in Staves
 25410 | Lair:3   | Reached XP level 14. HP: 39/104 MP: 7/18
 26164 | Lair:4   | Found a staircase to the Snake Pit.
 26991 | Lair:4   | Reached skill level 13 in Fighting
 27066 | Lair:4   | Reached skill level 4 in Conjurations
 27355 | Lair:4   | Found a glowing golden altar of the Shining One.
 27699 | Lair:5   | Found a runed door.
 27699 | Lair:5   | Found a viscous altar of Jiyva.
 28041 | Lair:5   | Noticed an acid blob
 28772 | Lair:5   | Reached skill level 12 in Dodging
 28789 | Lair:5   | HP: 23/106 [ice dragon/blast of cold (16)]
 29446 | Lair:5   | Found a staircase to the Slime Pits.
 29555 | Lair:6   | Entered Level 6 of the Lair of Beasts
 29735 | Lair:6   | Reached ****** piety under Hepliaklqana
 31104 | Lair:6   | HP: 24/107 [dire elephant (12)]
 31155 | Lair:6   | Got a slimy shield
 31163 | Lair:6   | Identified the +3 shield of the Eternal Void {rF- Dex+4} (You found it on level 6 of the Lair of Beasts)
 31531 | Lair:6   | Reached skill level 14 in Fighting
 31667 | Lair:6   | HP: 14/108 [dire elephant (20)]
 32345 | Swamp:1  | Entered Level 1 of the Swamp
 32478 | Swamp:1  | HP: 27/108 [swamp dragon (1)]
 32480 | Swamp:1  | Reached skill level 14 in Staves
 32483 | Swamp:1  | HP: 20/108 [poison (poison gas)]
 32488 | Swamp:1  | HP: 19/108 [poison (poison gas)]
 32494 | Swamp:1  | HP: 17/108 [poison (poison gas)]
 32502 | Swamp:1  | HP: 18/108 [poison (poison gas)]
 32509 | Swamp:1  | HP: 18/108 [poison (poison gas)]
 32519 | Swamp:1  | HP: 22/108 [alligator (15)]
 32521 | Swamp:1  | HP: 8/108 [alligator (14)]
 32521 | Swamp:1  | HP: 3/108 [alligator (5)]
 32525 | Swamp:1  | Reached XP level 15. HP: 5/113 MP: 3/20
 32935 | Swamp:1  | Learned a level 2 spell: Repel Missiles
 32940 | Swamp:1  | Learned a level 3 spell: Spectral Weapon
 33088 | Swamp:1  | Reached skill level 3 in Hexes
 33094 | Swamp:1  | HP: 22/113 [alligator (19)]
 33105 | Swamp:1  | HP: 11/113 [slime creature (5)]
 33753 | D:13     | Reached skill level 1 in Charms
 34051 | D:13     | Found a gate to the Vaults.
 34562 | D:13     | Killed Urug
 34776 | D:14     | Reached skill level 4 in Hexes
 34898 | D:14     | Reached skill level 2 in Charms
 35319 | D:14     | Found a sparkling altar of Nemelex Xobeh.
 35407 | D:15     | Entered Level 15 of the Dungeon
 35606 | D:15     | Found Poajamolaf's Assorted Antiques.
 35613 | D:15     | Bought a scratched agate ring for 155 gold pieces
 35613 | D:15     | Bought a potion of curing for 93 gold pieces
 35639 | D:15     | Found Mielunig's Armour Shop.
 35653 | D:15     | Got a crystal bardiche
 35654 | D:15     | Identified the cursed +1 bardiche of Wewewiof {flame, -Tele rElec rC++ Stlth+} (You found it on level 15 of the Dungeon)
 35688 | D:15     | Noticed Louise
 35701 | D:15     | Killed Louise
 35751 | D:15     | Found a portal to a secret trove of treasure.
 35846 | D:15     | Found a staircase to the Depths.
 35925 | D:15     | Reached skill level 3 in Charms
 36293 | D:15     | Noticed Azrael
 36308 | D:15     | Killed Azrael
 36568 | D:15     | Reached skill level 13 in Dodging
 36568 | D:15     | Reached skill level 5 in Hexes
 36791 | D:15     | Found Terchajale's Jewellery Emporium.
 37036 | D:15     | Learned a level 3 spell: Regeneration
 37216 | Depths:1 | Entered Level 1 of the Depths
 37416 | Snake:1  | Entered Level 1 of the Snake Pit
 37437 | Lair:4   | HP: 27/114 [anaconda (2)]
 37438 | Lair:4   | HP: 13/114 [poisoned by a naga ritualist (splash of poison)]
 37443 | Lair:3   | HP: 13/114 [poisoned by a naga ritualist (splash of poison)]
 37451 | Lair:3   | HP: 13/114 [poisoned by a naga ritualist (splash of poison)]
 37844 | Lair:3   | Reached skill level 1 in Necromancy
 37901 | Lair:3   | HP: 23/114 [anaconda (11)]
 37912 | Lair:3   | HP: 28/114 [poisoned by a naga ritualist]
 37917 | Lair:3   | HP: 25/114 [poisoned by a naga ritualist]
 37922 | Lair:3   | HP: 24/114 [poisoned by a naga ritualist]
 37927 | Lair:3   | HP: 23/114 [poisoned by a naga ritualist]
 37934 | Lair:3   | HP: 23/114 [poisoned by a naga ritualist]
 38383 | Snake:1  | Reached skill level 2 in Necromancy
 38437 | Snake:1  | Reached skill level 4 in Charms
 38495 | Snake:1  | Learned a level 3 spell: Tukima's Dance
 38499 | Snake:1  | Learned a level 3 spell: Dazzling Spray
 38915 | Snake:1  | Reached skill level 3 in Necromancy
 39183 | Snake:1  | Reached skill level 6 in Hexes
 39538 | Snake:1  | Noticed Donald
 39548 | Snake:1  | Killed Donald
 39548 | Snake:1  | Gained mutation: You have claws for feet. [demonic ancestry]
 39548 | Snake:1  | Reached XP level 16. HP: 120/120 MP: 18/21
 39678 | Snake:1  | Noticed Kirke
 39697 | Snake:1  | Killed Kirke
 39697 | Snake:1  | Reached skill level 15 in Fighting
 39731 | Snake:1  | You fall through a shaft!
 39748 | Snake:2  | Reached skill level 4 in Necromancy
 39784 | Snake:2  | HP: 22/122 [salamander/halberd (9)]
 39790 | Snake:2  | HP: 12/122 [naga warrior/hand axe (6)]
 40123 | Snake:2  | Reached skill level 5 in Charms
 40129 | Snake:2  | HP: 28/122 [salamander/spear (4)]
 40132 | Snake:2  | HP: 10/122 [salamander/glaive (5)]
 40132 | Snake:2  | Slain by a naga

Skill      XL: |  1  2  3  4  5  6  7  8  9 10 11 12 13 14 15 16 |
---------------+-------------------------------------------------+-----
Staves         | 2 3 4 5 6 7 8 9 10 11 12 13 14 | 14.3
Dodging        | 3 4 6 8 9 10 11 12 13 | 13.4
Fighting       | 6 7 8 10 11 12 14 15 | 15.0
Invocations    | 5 6 |  6.2
Evocations     | 4 |  4.9
Conjurations   | 3 4 |  4.0
Hexes          | 2 6 |  6.5
Spellcasting   | 3 |  3.8
Ice Magic      | 3 |  3.4
Charms         | 4 5 |  5.0
Necromancy     | 3 4 |  4.3
Bows           | |  1.0
Throwing       | |  1.0
Stealth        | |  1.7

Action                   |  1- 3 |  4- 6 |  7- 9 | 10-12 | 13-15 | 16-18 || total
-------------------------+-------+-------+-------+-------+-------+-------++-------
Melee: Quarterstaff      |    90 |   202 |   448 |   847 |   429 |       ||  2016
       Kick              |       |    44 |   123 |   292 |   235 |    19 ||   713
       Lajatang          |       |       |       |       |   840 |    56 ||   896
 Fire: Blowgun           |       |     4 |       |       |       |       ||     4
Throw: Stone             |       |       |     1 |       |       |       ||     1
 Cast: Throw Frost       |       |       |       |       |    17 |       ||    17
       Ensorcelled Hiber |       |       |       |       |     2 |       ||     2
       Spectral Weapon   |       |       |       |       |    30 |     4 ||    34
       Regeneration      |       |       |       |       |     6 |     1 ||     7
       Repel Missiles    |       |       |       |       |     6 |       ||     6
       Tukima's Dance    |       |       |       |       |       |     2 ||     2
       Dazzling Spray    |       |       |       |       |       |     2 ||     2
Invok: Recall Ancestor   |       |       |     1 |     3 |     7 |     1 ||    12
       Ancestor Life: He |       |       |       |     1 |       |       ||     1
       Idealise          |       |       |       |       |     2 |     1 ||     3
Evoke: Wand              |       |       |       |     6 |    14 |     3 ||    23
       Lamp of fire      |       |       |       |       |     1 |       ||     1
  Use: Potion            |       |     3 |     2 |     5 |    12 |     3 ||    25
       Scroll            |       |       |    18 |    12 |    27 |     1 ||    58
 Stab: Sleeping          |     1 |     2 |     1 |     7 |     8 |       ||    19
       Distracted        |       |     1 |       |     6 |    15 |     1 ||    23
       Confused          |       |       |       |    10 |    17 |       ||    27
       Paralysed         |       |       |       |       |    22 |       ||    22
  Eat: Chunk             |     2 |     6 |     5 |    22 |    80 |     2 ||   117
       Pizza             |       |     1 |       |     2 |     6 |       ||     9
       Fruit             |       |       |     3 |     2 |       |       ||     5
       Meat ration       |       |       |     1 |       |       |       ||     1
       Bread ration      |       |       |     1 |       |       |       ||     1
       Royal jelly       |       |       |       |     1 |       |       ||     1
       Beef jerky        |       |       |       |     1 |       |       ||     1
Armor: Ring mail         |    42 |    58 |   120 |    16 |       |       ||   236
       Skin              |       |    18 |       |     6 |       |       ||    24
       Robe              |       |       |       |    60 |   141 |     5 ||   206
Dodge: Dodged            |    48 |    95 |   278 |   504 |   885 |    40 ||  1850
       Deflected         |       |       |       |       |     8 |     5 ||    13

Vault maps used:
D:1:      co_arrival_hexagon_in_a_hexagon
D:2:      nemelex_xobeh_ov_fountains_minmay
D:3:      first_bread
D:4:      bloody_makhleb, minmay_misc_feat_doors, hangedman_decor_growths
D:5:      lemuel_crystal_altar, serial_park_tiny_2, minmay_crystal_water,
          uniq_pikel
D:6:      nicolae_ossuary_entry_plus
D:7:      tso_metal_star, uniq_menkaure
D:8:      hangedman_ranch, fedhas_altar_fruit_tree
D:9:      hangedman_decor_slide_cut, minmay_bent
D:10:     minmay_klotski, david_lair_generic, uniq_josephine
D:11:     orc_0_dummy, grunt_decor_arrowhead
D:12:     serial_shops, shop
D:13:     david_vaults_1, uniq_urug
D:14:     roderic_lattice_a, nemelex_diamond_rough_becter
D:15:     hangedman_depths_entry_try_elsewhere_first,
          nicolae_trove_entry_crossroad, serial_shops,
          nicolae_shop_competitors_out_of_business, shop, shop,
          lemuel_old_faithful, uniq_azrael, uniq_louise
Temple:   minmay_crystal_spiral_temple
Lair:1:   grunt_megastairs_3, uniq_sonja
Lair:2:   minmay_swamp_entry_reptiles, minivault_25, grunt_megastairs_2
Lair:3:   serial_forest, infiniplex_forest_corner_2,
          infiniplex_forest_straight_3, infiniplex_forest_side_room,
          infiniplex_forest_clump_long, infiniplex_forest_fountain,
          infiniplex_forest_clump_medium, infiniplex_forest_lined_1
Lair:4:   minmay_snake_entry_guardpost_small, basic_altar, bh_chokoban
Lair:5:   slime_altar_2, minmay_guarded_unrand_chilly_death
Lair:6:   due_jungle_book, nicolae_lair_grove_arrangements
Swamp:1:  evilmike_swamp_ruin_rubble_2, swamp_pool3
Snake:1:  grunt_ministairs_8, uniq_donald, uniq_kirke
Orc:1:    basic_altar, nicolae_orc_lava_tube, uniq_maurice
Orc:2:    grunt_orc_tribal_feast, mines1_david
Depths:1: minmay_three_patterns, serial_shops, shop, grunt_hell_entry_dis_grunt,
          kennysheep_big_empty_room, kennysheep_generic_room_14,
          grunt_megastairs_4
Ossuary:  ossuary_tomb_2

Table legend:
 A = Turns spent in this place as a percentage of turns spent in the entire game.
 B = Non-inter-level travel turns spent in this place as a percentage of non-inter-level travel turns spent in the entire game.
 C = Inter-level travel turns spent in this place as a percentage of turns spent in this place.
 D = Turns resting spent in this place as a percentage of non-inter-level travel turns spent in this place.
 E = Turns spent auto-exploring this place as a percentage of non-inter-level travel turns spent in this place.
 F = Non-inter-level travel turns spent in this place divided by the number of levels of this place that you've seen.
                   A       B       C       D       E      F
               +-------+-------+-------+-------+-------+----------------------
         Total | 100.0 | 100.0 |   0.8 |   5.0 |   6.8 | 314.1
       Dungeon |  50.1 |  50.1 |   0.9 |   4.5 |   8.2 | 304.1
        Temple |   0.3 |   0.3 |   4.2 |   0.0 |  73.9 |  23.0
          Lair |  23.6 |  23.6 |   0.8 |   5.1 |   6.8 | 358.8
         Swamp |   2.5 |   2.5 |   0.4 |   5.3 |   4.4 | 228.0
     Snake Pit |   4.3 |   4.4 |   0.0 |   7.0 |   6.0 | 199.0
  Orcish Mines |  15.8 |  15.8 |   0.6 |   6.0 |   2.9 | 720.0
        Depths |   0.3 |   0.3 |   0.0 |   0.0 |   3.7 |  27.0
       Ossuary |   3.0 |   3.1 |   0.0 |   5.0 |   1.8 | 279.0
               +-------+-------+-------+-------+-------+----------------------

Table legend:
 A = Kills in this place as a percentage of kills in entire the game.
 B = Kills by you in this place as a percentage of kills by you in the entire game.
 C = Kills by friends in this place as a percentage of kills by friends in the entire game.
 D = Other kills in this place as a percentage of other kills in the entire game.
 E = Experience gained in this place as a percentage of experience gained in the entire game.
 F = Experience gained in this place divided by the number of levels of this place that you have seen.
                   A       B       C       D       E      F
               +-------+-------+-------+-------+-------+----------------------
         Total | 100.0 | 100.0 | 100.0 | 100.0 | 100.0 | 5686.5
       Dungeon |  51.4 |  52.4 |  44.0 |   0.0 |  36.8 | 4049.4
          Lair |  22.5 |  21.9 |  27.5 |   0.0 |  32.2 | 8854.2
         Swamp |   1.6 |   1.4 |   2.2 | 100.0 |   2.9 | 4820.0
     Snake Pit |   6.1 |   6.4 |   3.3 |   0.0 |  15.6 | 12839.5
  Orcish Mines |  15.0 |  14.0 |  23.1 |   0.0 |  11.7 | 9673.5
        Depths |   0.1 |   0.1 |   0.0 |   0.0 |   0.5 | 761.0
       Ossuary |   3.3 |   3.8 |   0.0 |   0.0 |   0.3 | 436.0
               +-------+-------+-------+-------+-------+----------------------
